 Dungeon Crawl Stone Soup version 0.29.1-14-g9c671dbff4 (webtiles) character file.

Game seed: 5936165674629408631

250 growler the Shooter (level 5, 0/38 HPs)
             Began as a Demonspawn Wanderer on Feb 14, 2023.
             Was a Believer of Cheibriados.
             Succumbed to a scorpion's poison
             ... on level 4 of the Dungeon.
             The game lasted 00:09:08 (3871 turns).

growler the Shooter (Demonspawn Wanderer)           Turns: 3871, Time: 00:09:08

Health: 0/38       AC:  7    Str: 20    XL:     5   Next: 88%
Magic:  6/6        EV: 11    Int: 17    God:    Cheibriados [**....]
Gold:   255        SH:  4    Dex: 18    Spells: 5/6 levels left

rFire   . . .      SeeInvis .   j - +1 sling
rCold   . . .      Faith    .   b - +0 buckler
rNeg    . . .      Spirit   .   d - +2 leather armour
rPois   .          Reflect  .   (no helmet)
rElec   .          Harm     .   q - +0 cloak
rCorr   .          Rampage  .   (no gloves)
Will    .....                   t - +0 pair of boots
Stlth   +.........              (no amulet)
HPRegen 0.12/turn               (no ring)
MPRegen 0.10/turn               (no ring)

@: lethally poisoned (0 -> -1), very slow
A: demonic guardian 1
a: Renounce Religion, Bend Time


You were on level 4 of the Dungeon.
You worshipped Cheibriados.
Cheibriados was pleased with you.
You visited 1 branch of the dungeon, and saw 4 of its levels.

You collected 255 gold pieces.

Inventory:

Hand Weapons
 a - a +0 dagger
 j - a +1 sling (weapon)
Armour
 b - a +0 buckler (worn)
 d - a +2 leather armour (worn)
 q - a +0 cloak (worn)
 t - a +0 pair of boots (worn)
Jewellery
 r - an amulet of reflection
Scrolls
 c - a scroll of fear
 e - a scroll of immolation
 f - 2 scrolls of teleportation
 g - a scroll of vulnerability
 h - a scroll of brand weapon {unknown}
 k - 2 scrolls of enchant weapon
 l - a scroll of blinking
Potions
 i - a potion of invisibility
 m - a potion of might {unknown}
 n - a potion of haste {unknown}
 o - a potion of magic {unknown}
 p - a potion of berserk rage {unknown}
 s - a potion of attraction


   Skills:
 - Level 2.0 Fighting
 + Level 4.8 Ranged Weapons
 - Level 1.7 Dodging
 - Level 1.0 Shields
 - Level 1.0 Spellcasting
 - Level 3.0 Poison Magic
 - Level 1.2 Invocations
 - Level 2.0 Evocations


You had 5 spell levels left.
You knew the following spells:

 Your Spells              Type           Power      Damage    Failure   Level
a - Sting                 Tmut/Pois      20%        1d4       19%         1

Your spell library contained the following spells:

 Spells                   Type           Power      Damage    Failure   Level
 Summon Small Mammal      Summ           0%         N/A       34%         1
 Sublimation of Blood     Necr           0%         N/A       45%         2
 Mephitic Cloud           Conj/Pois/Air  4%         N/A       56%         3
 Call Canine Familiar     Summ           0%         N/A       71%         3
 Summon Guardian Golem    Hex/Summ       0%         N/A       71%         3
 Petrify                  Tmut/Erth      0%         N/A       98%         4
 Irradiate                Conj/Tmut      0%         3d11      100%        5


Dungeon Overview and Level Annotations

Branches:
Dungeon (4/15)
 Temple: D:4-7

Altars:
Cheibriados

Shops:
D:1 [


Innate Abilities, Weirdness & Mutations

A weak demonic guardian rushes to your aid.


Message History

Aiming: Sting (safe; 21% risk of failure)
Press: ? - help, Shift-Dir - straight line, f/p - scorpion
Aim: a scorpion (almost dead, 68% to hit)
The sting hits the scorpion.
The scorpion is poisoned.
You kill the scorpion!
Cheibriados thoroughly appreciates the change of pace.
You feel sick.
The phantom hits you but does no damage.
You feel your intelligence returning.
Fire: j) +1 sling
Press: ? - help, Q - select action, (/) - cycle Shift-Dir - straight line, f - phantom
Aim: a phantom (lightly damaged, 53% to hit)
You shoot a sling bullet.
The sling bullet closely misses the phantom.
You feel sick. The phantom hits you.
Fire: j) +1 sling
Press: ? - help, Q - select action, (/) - cycle Shift-Dir - straight line, f/p - phantom
Aim: a phantom (lightly damaged, 53% to hit)
You shoot a sling bullet.
The sling bullet barely misses the phantom.
You feel sick.
The phantom hits you but does no damage.
Fire: j) +1 sling
Press: ? - help, Q - select action, (/) - cycle Shift-Dir - straight line, f/p - phantom
Aim: a phantom (lightly damaged, 53% to hit)
You shoot a sling bullet. The sling bullet hits the phantom.
The phantom is moderately damaged.
You feel sick. The phantom barely misses you. The phantom hits you.
* * * LOW HITPOINT WARNING * * *
A demonic guardian appears!
The phantom blinks!
You blink.
The phantom attacks as you move away! The phantom completely misses you.
* * * LOW HITPOINT WARNING * * *
You feel sick. The phantom attacks as you move away!
The phantom barely misses you.
You feel sick. You block the phantom's attack.
The phantom attacks as you move away! The phantom hits you.
* * * LOW HITPOINT WARNING * * *
x2 You feel sick.
Your ufetubus misses the phantom. x3
Your ufetubus closely misses the phantom.
You die...

#.# #..........### #.#
#########..##. #.#
#.#.... #.#######
##.#.#. #.......#
#....# #######.##
#..... ##...## ##
#....# ###.....###...#
#.####
#....@....$...##...###
#.#.....###......#....
#.#....W########. .###
. #....5.........
####..†.>#########
#.......## #.##.#### #
#.# #..


You could see a phantom (ally target) and a friendly ufetubus (summoned).

Vanquished Creatures
  A necrophage (D:4)
  A scorpion (D:4)
  A jelly (D:4)
  Terence (D:2)
  An adder (D:2)
  An ufetubus (D:4)
  2 worms
  A dart slug (D:1)
  An orc (D:3)
  2 ball pythons
  3 bats
  7 endoplasms
  A giant cockroach (D:4)
  5 goblins
  9 hobgoblins
  3 jackals (D:1)
  6 kobolds
  A quokka (D:1)
  2 frilled lizards
  6 rats
55 creatures vanquished.

Notes
Turn   | Place    | Note
-------+----------+-------------------------------------------
     0 | D:1      | growler the Demonspawn Wanderer began the quest for the
                  | Orb.
     0 | D:1      | growler set off with the following items: a +0 dagger, a +0
                  | buckler, a scroll of fear, a +2 leather armour; and the
                  | following spell memorised: Sting; and the following spells
                  | available to memorise: Mephitic Cloud.
     0 | D:1      | Reached XP level 1. HP: 13/13 MP: 2/2
    79 | D:1      | Found Vyed's Antique Armour Emporium.
   150 | D:1      | Reached skill level 1 in Fighting
   431 | D:1      | Gained mutation: A weak demonic guardian rushes to your
                  | aid. [demonic ancestry]
   431 | D:1      | Reached XP level 2. HP: 9/22 MP: 3/3
   948 | D:1      | Found a faded altar of an unknown god.
   968 | D:1      | Prayed at the altar of an unknown god.
   968 | D:1      | Became a worshipper of Cheibriados the Contemplative
   968 | D:1      | Reached * piety under Cheibriados
  1272 | D:1      | Reached skill level 1 in Ranged Weapons
  1470 | D:2      | Reached XP level 3. HP: 4/27 MP: 0/4
  2048 | D:2      | Reached skill level 2 in Ranged Weapons
  2066 | D:2      | Noticed Terence
  2083 | D:2      | Killed Terence
  2084 | D:2      | Reached XP level 4. HP: 18/33 MP: 0/5
  2087 | D:2      | Reached ** piety under Cheibriados
  3265 | D:3      | Reached skill level 3 in Ranged Weapons
  3694 | D:4      | Noticed a necrophage
  3708 | D:4      | Killed a necrophage
  3709 | D:4      | Reached skill level 4 in Ranged Weapons
  3709 | D:4      | Reached XP level 5. HP: 34/38 MP: 6/6
  3851 | D:4      | Noticed a phantom
  3870 | D:4      | HP: 1/38 [poisoned by a scorpion]
  3871 | D:4      | Succumbed to a scorpion's poison

Illustrated notes

Levels and vault maps discovered:
D:1:      nagdon_arrival_double_spiral, layout_loops_cross,
          hellmonk_ecumenical_altar_pennies_from_heaven, serial_shops,
          nicolae_shop_hallway_plus, minmay_statues_item,
          hangedman_decor_opposing
D:2:      layout_loops_cross, lightli_corner_chamber, uniq_terence
D:3:      layout_basic
D:4:      layout_loops_ring

Skill      XL: |  1  2  3  4 |
---------------+-------------+-----
Fighting       | 1 2 |  2.0
Ranged Weapons | 1 2 4 |  4.8
Dodging        | |  1.7
Shields        | |  1.0
Spellcasting   | |  1.0
Poison Magic   | |  3.0
Invocations    | |  1.2
Evocations     | |  2.0

Action                   |  1- 3 |  4- 6 || total
-------------------------+-------+-------++-------
Melee: Dagger            |    74 |       ||    74
 Fire: Sling             |    68 |   121 ||   189
 Cast: Sting             |     6 |     6 ||    12
  Use: Potion            |     1 |       ||     1
       Scroll            |       |     7 ||     7
Armor: Leather armour    |    36 |    24 ||    60
Dodge: Dodged            |    72 |    46 ||   118
Block: Buckler           |    21 |    16 ||    37
